 Dungeon Crawl Stone Soup version 0.28.0-49-g6dfe1f597d (webtiles) character file.

Game seed: 13495589629864532205

301 NinjaNoafa the Slasher (level 6, -5/47 HPs)
             Began as a Gnoll Wanderer on May 11, 2022.
             Slain by a gnoll
             ... wielding a +0 spear
              (9 damage)
             ... on level 3 of the Dungeon.
             The game lasted 00:07:48 (3100 turns).

NinjaNoafa the Slasher (Gnoll Wanderer)             Turns: 3100, Time: 00:07:48

Health: -5/47      AC:  3    Str: 14    XL:     6   Next: 37%
Magic:  3/11       EV: 12    Int: 11    God:
Gold:   85         SH:  0    Dex: 15    Spells: 10/11 levels left

rFire   . . .      SeeInvis +   k - +2 hand axe of Tacukkif {freeze, Dex+4 SInv}
rCold   . . .      Faith    .   (no shield)
rNeg    . . .      Spirit   .   b - +0 leather armour
rPois   .          Reflect  .   (no helmet)
rElec   .          Harm     .   (no cloak)
rCorr   .          Rampage  .   (no gloves)
Will    .....                   (no boots)
Stlth   ++........              (no amulet)
HPRegen 0.15/turn               (no ring)
MPRegen 0.12/turn               (no ring)

@: no status effects
A: fangs 1, strong nose, distributed training
a: no special abilities


You were on level 3 of the Dungeon.
You visited 1 branch of the dungeon, and saw 3 of its levels.

You collected 85 gold pieces.

Inventory:

Hand Weapons
 g - a +0 hunting sling
 k - the +2 hand axe of Tacukkif (weapon) {freeze, Dex+4 SInv}
   (You found it on level 2 of the Dungeon)

   It freezes those it strikes, dealing additional cold damage.
   It can also slow down cold-blooded creatures.
   Dex:       It affects your dexterity (+4).
   SInv:      It lets you see invisible.
Missiles
 h - 20 sling bullets
Armour
 b - a +0 leather armour (worn)
Jewellery
 i - a ring of protection from fire
Scrolls
 c - a scroll of acquirement {unknown}
 d - a scroll of teleportation {unknown}
 m - 2 scrolls of noise {unknown}
 n - a scroll of fog {unknown}
 o - 3 scrolls of identify {unknown}
Potions
 e - a potion of attraction


   Skills:
 + Level 3.2 Fighting
 + Level 1.9 Short Blades
 + Level 6.8 Long Blades
 + Level 1.9 Axes
 + Level 1.9 Maces & Flails
 + Level 1.9 Polearms
 + Level 1.9 Staves
 + Level 1.9 Slings
 + Level 1.9 Bows
 + Level 1.9 Crossbows
 + Level 1.9 Throwing
 + Level 1.9 Armour
 + Level 1.9 Dodging
 + Level 1.9 Stealth
 + Level 1.9 Shields
 + Level 1.9 Unarmed Combat
 + Level 3.4 Spellcasting
 + Level 1.5 Conjurations
 + Level 1.5 Hexes
 + Level 5.6 Summonings
 + Level 1.5 Necromancy
 + Level 1.5 Translocations
 + Level 1.5 Transmutations
 + Level 1.5 Fire Magic
 + Level 1.5 Ice Magic
 + Level 1.5 Air Magic
 + Level 1.5 Earth Magic
 + Level 1.5 Poison Magic
 + Level 3.3 Invocations
 + Level 3.2 Evocations


You had 10 spell levels left.
You knew the following spells:

 Your Spells              Type           Power      Damage    Failure   Level
a - Summon Small Mammal   Summ           56%        N/A       3%          1

Your spell library contained the following spells:

 Spells                   Type           Power      Damage    Failure   Level
 Call Canine Familiar     Summ           14%        N/A       9%          3
 Ensorcelled Hibernation  Hex/Ice        10%        N/A       26%         2
 Passwall                 Tmut/Erth      4%         N/A       26%         2
 Swiftness                Air            5%         N/A       45%         3


Dungeon Overview and Level Annotations

Branches:
Dungeon (3/15)

Altars:

Annotations:
D:3 1 runed translucent door, ShadowYui's ghost, amateur HuFi


Innate Abilities, Weirdness & Mutations

You have very sharp teeth.
Your uncanny sense of smell can sniff out nearby items.
Your experience applies equally to all skills.


Message History

You hit the gnoll but do no damage.
The gnoll is severely wounded.
Your bat hits the gnoll but does no damage.
The gnoll hits you but does no damage. The gnoll barely misses you.
You closely miss the gnoll. Your bite misses the gnoll.
The gnoll is severely wounded.
Your bat hits the gnoll.
Your bat barely misses the gnoll.
The gnoll hits you from afar with a +0 spear.
* * * LOW HITPOINT WARNING * * *
Your bat hits the gnoll but does no damage.
The gnoll barely misses you. The gnoll misses your bat.
Casting: Summon Small Mammal (safe; 3% risk of failure)
Confirm with . or Enter, or press ? or * to list all spells.
Your bat closely misses the gnoll.
The gnoll hits you but does no damage.
The gnoll hits your bat from afar with a +0 spear!
Your bat dies!
Your bat's corpse disappears in a puff of smoke!
The gnoll shouts!
You hit the gnoll. You freeze the gnoll.
You kill the gnoll!
Your quokka bites the gnoll.
The gnoll hits your quokka with a +0 spear.
Your quokka dies!
Your quokka's corpse disappears in a puff of smoke!
The gnoll shouts!
The gnoll hits you with a +0 spear.
* * * LOW HITPOINT WARNING * * *
Items here: $ ) [ †.
You hit the gnoll but do no damage. You bite the gnoll.
The gnoll is almost dead.
The gnoll hits you with a +0 spear.
* * * LOW HITPOINT WARNING * * *
You barely miss the gnoll. Your punch misses the gnoll.
You bite the gnoll, but do no damage.
The gnoll is almost dead.
The gnoll closely misses you.
You barely miss the gnoll.
The gnoll is almost dead.
The gnoll hits you with a +0 spear!
You die...

.........# .........# .........#
#..........#### .........########
#.............. ..r.............#
#.............. ....###########)#
#.............. ....# ###.#
#..............
....#########...###..............
...............g@.+..............
...##########...###..............
#### ##.....###..####....#
#.....≈.##.# #....# #........†.#
#....# #......≈...# #...##
##+##.≈≈...# #...# ....≈.≈..#
#...# ##.......# #.[.#


You could see a gnoll.

Vanquished Creatures
  Grinder (D:3)
  A gnoll (D:3)
  3 adders (D:3)
  A worm (D:2)
  A dart slug (D:1)
  5 ball pythons
  A bat (D:2)
  5 endoplasms
  2 giant cockroaches
  A goblin (D:2)
  5 hobgoblins
  A quokka (D:2)
  A kobold (D:1)
  A rat (D:2)
29 creatures vanquished.

Vanquished Creatures (collateral kills)
  A gnoll (D:3)
  An adder (D:3)
  A ball python (D:1)
  An endoplasm (D:2)
  2 giant cockroaches (D:1)
  4 frilled lizards
  2 kobolds
12 creatures vanquished.

Vanquished Creatures (others)
  2 withered plants (D:3)
2 creatures vanquished.

Grand Total: 43 creatures vanquished

Notes
Turn   | Place    | Note
-------+----------+-------------------------------------------
     0 | D:1      | NinjaNoafa the Gnoll Wanderer began the quest for the Orb.
     0 | D:1      | NinjaNoafa set off with the following items: a +1 long
                  | sword, a +0 leather armour; and the following spell
                  | memorised: Summon Small Mammal; and the following spells
                  | available to memorise: Call Canine Familiar
     0 | D:1      | Reached XP level 1. HP: 17/17 MP: 4/4
   366 | D:1      | Reached XP level 2. HP: 20/23 MP: 2/5
   522 | D:1      | Found a faded altar of an unknown god.
  1390 | D:2      | Reached XP level 3. HP: 27/28 MP: 7/7
  1665 | D:2      | Identified the +2 hand axe of Tacukkif {freeze, Dex+4 SInv}
  2214 | D:3      | Reached skill level 1 in Short Blades
  2214 | D:3      | Reached skill level 1 in Axes
  2214 | D:3      | Reached skill level 1 in Maces & Flails
  2214 | D:3      | Reached skill level 1 in Polearms
  2214 | D:3      | Reached skill level 1 in Staves
  2214 | D:3      | Reached skill level 1 in Slings
  2214 | D:3      | Reached skill level 1 in Bows
  2214 | D:3      | Reached skill level 1 in Crossbows
  2214 | D:3      | Reached skill level 1 in Throwing
  2214 | D:3      | Reached skill level 1 in Armour
  2214 | D:3      | Reached skill level 1 in Dodging
  2214 | D:3      | Reached skill level 1 in Stealth
  2214 | D:3      | Reached skill level 1 in Shields
  2214 | D:3      | Reached skill level 1 in Unarmed Combat
  2289 | D:3      | Reached XP level 4. HP: 23/34 MP: 8/8
  2598 | D:3      | Found a runed translucent door.
  2598 | D:3      | Noticed ShadowYui's ghost (amateur HuFi)
  2636 | D:3      | Noticed Grinder
  2655 | D:3      | Paralysed by Grinder for 3 turns
  2665 | D:3      | Paralysed by Grinder for 7 turns
  2676 | D:3      | Killed Grinder
  2677 | D:3      | Reached skill level 1 in Conjurations
  2677 | D:3      | Reached skill level 1 in Hexes
  2677 | D:3      | Reached skill level 1 in Necromancy
  2677 | D:3      | Reached skill level 1 in Translocations
  2677 | D:3      | Reached skill level 1 in Transmutations
  2677 | D:3      | Reached skill level 1 in Fire Magic
  2677 | D:3      | Reached skill level 1 in Ice Magic
  2677 | D:3      | Reached skill level 1 in Air Magic
  2677 | D:3      | Reached skill level 1 in Earth Magic
  2677 | D:3      | Reached skill level 1 in Poison Magic
  2677 | D:3      | Reached XP level 5. HP: 36/41 MP: 8/10
  2677 | D:3      | Reached XP level 6. HP: 41/47 MP: 8/11
  3100 | D:3      | Slain by a gnoll

Illustrated notes

Levels and vault maps discovered:
D:1:      dpeg_chamrin_arrival_tetris, layout_basic, basic_ecumenical_altar
D:2:      layout_rooms, minmay_misc_feat_tower
D:3:      layout_basic, gammafunk_ghost_grave, chequers_serial_rivers_micro_c,
          grunt_ministairs_13, minmay_fountain_box, columned_hall_lemuel,
          st_stairs_4, minivault_11, uniq_grinder

Skill      XL: |  1  2  3  4 |
---------------+-------------+-----
Short Blades   | 1 |  1.9
Axes           | 1 |  1.9
Maces & Flails | 1 |  1.9
Polearms       | 1 |  1.9
Staves         | 1 |  1.9
Slings         | 1 |  1.9
Bows           | 1 |  1.9
Crossbows      | 1 |  1.9
Throwing       | 1 |  1.9
Armour         | 1 |  1.9
Dodging        | 1 |  1.9
Stealth        | 1 |  1.9
Shields        | 1 |  1.9
Unarmed Combat | 1 |  1.9
Fighting       | 3 |  3.2
Spellcasting   | 3 |  3.4
Conjurations   | 1 |  1.5
Hexes          | 1 |  1.5
Necromancy     | 1 |  1.5
Translocations | 1 |  1.5
Transmutations | 1 |  1.5
Fire Magic     | 1 |  1.5
Ice Magic      | 1 |  1.5
Air Magic      | 1 |  1.5
Earth Magic    | 1 |  1.5
Poison Magic   | 1 |  1.5
Invocations    | 3 |  3.3
Evocations     | 3 |  3.2
Long Blades    | |  6.8
Summonings     | |  5.6

Action                   |  1- 3 |  4- 6 || total
-------------------------+-------+-------++-------
Melee: Long sword        |    58 |       ||    58
       Bite              |     7 |     3 ||    10
       Hand axe          |    16 |    36 ||    52
       Punch             |     1 |     1 ||     2
 Fire: Hunting sling     |     2 |     1 ||     3
 Cast: Summon Small Mamm |    34 |    20 ||    54
  Use: Potion            |       |     4 ||     4
 Stab: Sleeping          |     1 |       ||     1
Armor: Leather armour    |    34 |     8 ||    42
       Skin              |       |    12 ||    12
Dodge: Dodged            |    54 |    23 ||    77
